AoeStats
← toomuchdog

Arena

505755238Analyzed
1v1 RM · 23d ago on Sep 10, 2026· 35m 41s· 2 players
Game mode
Random Map
Map size
Tiny (2 player)
Population
200
Speed
Normal
Resources
Standard
Victory
Conquest
Starting age
Dark Age
Ending age
Imperial Age
RankedLock teamsTeams togetherTeam positionsShared explorationLock speedFull tech treeHidden civsTurbo modeCheats
Victory
Defeat
🇨🇴 Turks · Colombia
1279
+19
🇨🇦 Goths · Canada
1337
-19
toomuchdog
10:11 Feudal Age
14:25 Castle Age
12:45 Double-Bit Axe
13:36 Man-at-Arms
16:55 Scale Mail Armor
17:25 Town Watch
17:57 Squires
18:42 Long Swordsman
19:47 Loom
26:01 Wheelbarrow
25:54 Horse Collar
29:48 Fletching
29:59 Padded Archer Armor
29:55 Elite Skirmisher
34:02 Imperial Age
32:21 Bodkin Arrow
32:58 Ballistics
33:48 Padded Archer Armor
35:02 Bracer
36:16 Chemistry
Pachin
6:05 Loom
10:09 Feudal Age
10:36 Loom
14:19 Castle Age
12:59 Double-Bit Axe
13:37 Horse Collar
16:42 Town Watch
26:28 Imperial Age
24:34 Padded Archer Armor
26:06 Leather Archer Armor
25:45 Gold Mining
Connection lost

Rejoining the realm…

Still unreachable

The connection could not be restored.

Session expired

The server has moved on; the page needs a fresh start.